[Event "The Allsvenskan 2024/25 Div I 3: SS Manhem - Lidkopings SS"]
[Site "Goteborgs Schackcentrum, Vegatan 20, Gothenburg, Sweden"]
[Date "2025.03.16"]
[Round "1.1"]
[White "Bergenwall, Henric"]
[Black "Winsnes, Rikard"]
[Result "1/2-1/2"]
[TimeControl "90 minutes for 40 moves + 30 minutes for the rest of the game + 30 seconds per move from move one."]
[BlackTitle "IM"]
[WhiteFideId "1747924"]
[BlackFideId "1700430"]
[WhiteElo "2019"]
[BlackElo "2357"]

1. e4 c5 2. Nf3 d6 3. Bb5+ Bd7 4. Bxd7+ Qxd7 5. c4 Nc6 6. Nc3 g6 7. d4 cxd4 8. Nxd4 Bg7 9. Be3 Nf6 10.
f3 O-O 11. O-O e6 12. Rc1 Rfe8 13. Qd2 d5 14. Nxc6 bxc6 15. e5 Nh5 16. g4 Bxe5 17. gxh5 Qe7 18. Ne2 Qh4 19. Bf4 Qxh5 20.
Ng3 Bxf4 21. Qxf4 Qh3 22. Rfe1 a5 23. Rc2 Rab8 24. cxd5 exd5 25. Rxe8+ Rxe8 26. Re2 Rxe2 27. Nxe2 Qe6 28.
Kf2 c5 29. Qe3 Qd6 30. f4 f6 31. b3 Kg7 32. Qd2 Qd8 33. Nc3 d4 34. Ne4 Qd5 35. Ke1 1/2-1/2

[Event "The Allsvenskan 2024/25 Div I 3: SS Manhem - Lidkopings SS"]
[Site "Goteborgs Schackcentrum, Vegatan 20, Gothenburg, Sweden"]
[Date "2025.03.16"]
[Round "1.2"]
[White "Strom-Engdahl, Alexander"]
[Black "Alwaeli, Laith"]
[Result "1-0"]
[TimeControl "90 minutes for 40 moves + 30 minutes for the rest of the game + 30 seconds per move from move one."]
[WhiteTitle "FM"]
[BlackTitle "FM"]
[WhiteFideId "1741586"]
[BlackFideId "4801059"]
[WhiteElo "2328"]
[BlackElo "2087"]

1. e4 d5 2. exd5 Qxd5 3. Nf3 c6 4. d4 Bg4 5. Be2 Nf6 6. O-O e6 7. Bf4 Be7 8. c4 Qd8 9. Nc3 O-O 10.
h3 Bh5 11. g4 Bg6 12. Ne5 Nbd7 13. Nxg6 hxg6 14. Bf3 Nb6 15. b3 Qd7 16. Qd2 Rad8 17. Rad1 Bb4 18. Qc2 a6 19. Kg2 Qc8 20.
Ne4 Be7 21. Rh1 Nxe4 22. Qxe4 Rd7 23. h4 Qd8 24. h5 g5 25. Be3 Nc8 26. c5 Rd5 27. Be2 Qd7 28. Bc4 f5 29. gxf5 exf5 30.
Qf3 f4 31. Bc1 Qf5 32. Rde1 Kh8 33. Bxd5 cxd5 34. Re5 g4 35. Qxd5 Qf6 36. Qe4 Bd8 37. Re8 Ne7 38. Rxf8+ Qxf8 39.
Qxf4 1-0

[Event "The Allsvenskan 2024/25 Div I 3: SS Manhem - Lidkopings SS"]
[Site "Goteborgs Schackcentrum, Vegatan 20, Gothenburg, Sweden"]
[Date "2025.03.16"]
[Round "1.3"]
[White "Fransson, Peter"]
[Black "Lundstrom, Mattias"]
[Result "1-0"]
[TimeControl "90 minutes for 40 moves + 30 minutes for the rest of the game + 30 seconds per move from move one."]
[WhiteFideId "1701142"]
[BlackFideId "1703536"]
[WhiteElo "2261"]
[BlackElo "2093"]

1. Nf3 d5 2. g3 Nf6 3. Bg2 e6 4. O-O Bd6 5. d3 O-O 6. Nbd2 b6 7. e4 dxe4 8. Ng5 Bb7 9. Ndxe4 Nxe4 10.
Nxe4 c6 11. Nxd6 Qxd6 12. d4 Nd7 13. c3 Rac8 14. Re1 Nf6 15. Bg5 Nd5 16. Qg4 Rfe8 17. Bxd5 exd5 18. Bf4 Qd8 19. Bh6 g6 20.
Qf4 Re6 21. Rxe6 fxe6 22. Re1 Qe7 23. Re3 Re8 24. Qe5 c5 25. Rf3 cxd4 26. cxd4 a6 27. h4 Bc8 28. Rf6 Bd7 29. h5 gxh5 30.
Qg5+ Kh8 31. Rf8+ 1-0

[Event "The Allsvenskan 2024/25 Div I 3: SS Manhem - Lidkopings SS"]
[Site "Goteborgs Schackcentrum, Vegatan 20, Gothenburg, Sweden"]
[Date "2025.03.16"]
[Round "1.4"]
[White "Welin, Mats"]
[Black "Jonsson, Mose"]
[Result "1-0"]
[TimeControl "90 minutes for 40 moves + 30 minutes for the rest of the game + 30 seconds per move from move one."]
[WhiteTitle "FM"]
[WhiteFideId "1705180"]
[BlackFideId "1756885"]
[WhiteElo "2296"]
[BlackElo "1941"]

1. e4 c6 2. d4 d5 3. e5 Bf5 4. Nf3 e6 5. Be2 c5 6. c3 Nc6 7. O-O Qb6 8. dxc5 Bxc5 9. b4 Be7 10.
Be3 Qc7 11. b5 Na5 12. Qa4 b6 13. c4 dxc4 14. Rc1 Nh6 15. Nbd2 c3 16. Ne4 Bg6 17. Rxc3 Qb7 18. Nfg5 O-O 19.
Bf3 Qb8 20. Nd6 Bxd6 21. exd6 Qxd6 22. Bxa8 Rxa8 23. Rac1 Rd8 24. Rc8 Nf5 25. Qf4 Qd7 26. Qb8 Nc6 27. Rxd8+ Nxd8 28. h3 Nxe3 29.
fxe3 Qd2 30. Rc8 Qxe3+ 31. Kh2 Kf8 32. Qd6+ 1-0

[Event "The Allsvenskan 2024/25 Div I 3: SS Manhem - Lidkopings SS"]
[Site "Goteborgs Schackcentrum, Vegatan 20, Gothenburg, Sweden"]
[Date "2025.03.16"]
[Round "1.5"]
[White "Isurina Mariano, Cristine Rose"]
[Black "Loay, Sameer"]
[Result "0-1"]
[TimeControl "90 minutes for 40 moves + 30 minutes for the rest of the game + 30 seconds per move from move one."]
[WhiteTitle "WIM"]
[BlackTitle "IM"]
[WhiteFideId "5201071"]
[BlackFideId "8104239"]
[WhiteElo "1998"]
[BlackElo "2216"]

1. e4 c5 2. Ne2 Nc6 3. Nbc3 Nf6 4. g3 d5 5. exd5 Nxd5 6. Bg2 Nxc3 7. Nxc3 e6 8. d3 Be7 9. O-O O-O 10.
Be3 Qd7 11. f4 b6 12. Qh5 Bb7 13. g4 Nd4 14. Rf2 Bxg2 15. Rxg2 Nf3+ 16. Kf2 Nd4 17. Rc1 Qc6 18. Bxd4 cxd4 19.
Ne4 g6 20. Qh3 f5 21. gxf5 Rxf5 22. Kg1 Rxf4 23. Re1 e5 24. Ng3 Bf6 25. Qh6 Bg7 26. Qh3 Raf8 27. Ne4 R8f5 28. c4 Rh5 29.
Qg3 Qe6 30. Nf2 Qf5 31. Rf1 Bf6 32. h3 Bh4 33. Qh2 Rf3 34. Rg4 Bxf2+ 35. Rxf2 Rhxh3 36. Qxh3 Rxf2 37. Qh4 Rf1+ 38. Kh2 Qf2+ 39.
Qxf2 Rxf2+ 40. Rg2 Rxg2+ 41. Kxg2 a5 42. a3 a4 43. Kf3 Kf7 44. Ke4 Ke6 0-1

[Event "The Allsvenskan 2024/25 Div I 3: SS Manhem - Lidkopings SS"]
[Site "Goteborgs Schackcentrum, Vegatan 20, Gothenburg, Sweden"]
[Date "2025.03.16"]
[Round "1.6"]
[White "Karlsson, Stefan"]
[Black "Koski, Viljo"]
[Result "1-0"]
[TimeControl "90 minutes for 40 moves + 30 minutes for the rest of the game + 30 seconds per move from move one."]
[WhiteFideId "1771183"]
[BlackFideId "1717553"]
[WhiteElo "2030"]
[BlackElo "1913"]

1. e4 e5 2. Nf3 Nc6 3. Bb5 Be7 4. O-O Nf6 5. Re1 d6 6. d4 exd4 7. Nxd4 Bd7 8. Bxc6 bxc6 9. Nc3 O-O 10.
Bf4 c5 11. Nf3 Nh5 12. Bd2 Nf6 13. e5 dxe5 14. Nxe5 Bd6 15. Bg5 Be6 16. Qf3 h6 17. Nc6 Qd7 18. Bxf6 Bg4 19. Qe4 Bf5 20.
Ne7+ Bxe7 21. Qxe7 gxf6 22. Qxf6 Bg6 23. Rad1 Rfe8 24. Re5 Rxe5 25. Qxe5 Re8 26. Rxd7 Rxe5 27. Kf1 Bxc2 28. f4 Rf5 29.
Nd5 Kg7 30. g4 1-0

[Event "The Allsvenskan 2024/25 Div I 3: SS Manhem - Lidkopings SS"]
[Site "Goteborgs Schackcentrum, Vegatan 20, Gothenburg, Sweden"]
[Date "2025.03.16"]
[Round "1.7"]
[White "Stolt, Hans-Olof"]
[Black "Berggren Torell, Harald"]
[Result "1/2-1/2"]
[TimeControl "90 minutes for 40 moves + 30 minutes for the rest of the game + 30 seconds per move from move one."]
[WhiteFideId "1720368"]
[BlackFideId "1714031"]
[WhiteElo "1877"]
[BlackElo "2053"]

1. e4 g6 2. d4 d6 3. Nc3 Bg7 4. Bc4 Nc6 5. Nge2 Nf6 6. O-O O-O 7. f3 a6 8. a4 Nd7 9. Be3 Nb4 10.
Qd2 c5 11. Rfd1 Qc7 12. dxc5 dxc5 13. Bf4 Ne5 14. Qc1 e6 15.
Ng3 b6 16. Bf1 Bb7 17. Rb1 Qc6 18. h4 Rad8 19. h5 1/2-1/2

[Event "The Allsvenskan 2024/25 Div I 3: SS Manhem - Lidkopings SS"]
[Site "Goteborgs Schackcentrum, Vegatan 20, Gothenburg, Sweden"]
[Date "2025.03.16"]
[Round "1.8"]
[White "Bengtsson, Jonas"]
[Black "Ivenholt, Niklas"]
[Result "1-0"]
[TimeControl "90 minutes for 40 moves + 30 minutes for the rest of the game + 30 seconds per move from move one."]
[WhiteFideId "1715135"]
[BlackFideId "1771426"]
[WhiteElo "2002"]
[BlackElo "1805"]

1. d4 Nf6 2. c4 e5 3. dxe5 Ng4 4. Bf4 Nc6 5. Nf3 Bb4+ 6. Nbd2 Qe7 7. e3 Ncxe5 8. Nxe5 Nxe5 9. Be2 O-O 10.
O-O d6 11. Nb3 b6 12. Nd4 Bb7 13. Nc2 a5 14. Rc1 Bc5 15. a3 a4 16. Nb4 g5 17. Bxe5 dxe5 18. Nd5 Bxd5 19. cxd5 f5 20.
Kh1 e4 21. Rc3 g4 22. g3 Rf6 23. h4 gxh3 24. Bb5 Kg7 25. Bxa4 h5 26. Bb5 Rh8 27. Rg1 Rg6 28. f4 Kh6 29.
Be2 Rhg8 30. Kh2 Qg7 31. Qe1 Qf6 32. Kxh3 Qg7 33. Bd1 h4 34. Kxh4 Qf6+ 35. Kh3 Kg7 36. Kg2 Kf8 37. Kf2 Rxg3 38.
Rxg3 Qh4 39. Qg1 Qxf4+ 40. Bf3 Qh4 41. Rxc5 bxc5 42. Bxe4 fxe4 43. Qg2 Ke7 44. Qh3 Qf6+ 45. Ke1 Rh8 46. Qg2 Qh4 47. Kd2 Kd6 48.
Kc3 Kxd5 49. Rg5+ Kc6 50. Kc4 Re8 51. Rxc5+ Kb7 52. Qg6 Qe7 53. Qc6+ 1-0